 Dungeon Crawl Stone Soup version 0.22.1-6-g1668fe2 (webtiles) character file.

214 Kairos the Shield-Bearer (level 5, -14/28 HPs)
             Began as a Vine Stalker Fighter on Jan 24, 2019.
             Demolished by an orc priest
             ... wielding a +1 whip of distortion
              (16 damage)
             ... on level 3 of the Dungeon.
             The game lasted 00:04:09 (1851 turns).

Kairos the Shield-Bearer (Vine Stalker Fighter)     Turns: 1851, Time: 00:04:11

Health: -14/28     AC:  6    Str: 20    XL:     5   Next: 92%
Magic:  0/6        EV:  8    Int:  8    God:
Gold:   98         SH:  9    Dex: 13    Spells: 4/4 levels left

rFire    x . .     SeeInvis .   a - +0 war axe
rCold    + . .     Gourm    .   c - +0 shield
rNeg     . . .     Faith    .   b - +0 scale mail
rPois    .         Spirit   +   (no helmet)
rElec    .         Reflect  .   (no cloak)
rCorr    .         Harm     .   (no gloves)
MR       .....                  (no boots)
Stlth    ..........             (no amulet)
HPRegen  0.49/turn              i - ring of ice
MPRegen  0.10/turn              l - ring of attention (curse)

@: no status effects
A: fangs 2, regeneration 1, magic shield, antimagic bite, no potion heal 3, rot
immunity
a: no special abilities


You were on level 3 of the Dungeon.
You were not hungry.

You visited 1 branch of the dungeon, and saw 3 of its levels.

You collected 98 gold pieces.

Inventory:

Hand Weapons
 a - a +0 war axe (weapon)
Armour
 b - a +0 scale mail (worn)
 c - a +0 shield (worn)
Jewellery
 i - a ring of ice (left hand)
 l - a cursed ring of attention (right hand)
Scrolls
 d - 4 scrolls of identify
Potions
 e - 2 potions of agility
 g - a potion of ambrosia {unknown}
 h - a potion of flight {unknown}
Comestibles
 f - 3 rations


   Skills:
 + Level 3.2 Fighting
 + Level 3.3 Axes
 + Level 3.1 Armour
 + Level 1.1 Dodging
 + Level 0.1 Stealth
 + Level 3.7 Shields


You had 4 spell levels left.
You didn't know any spells.
Your spell library was empty.

Dungeon Overview and Level Annotations

Branches:
Dungeon (3/15)

Altars:


Innate Abilities, Weirdness & Mutations

You have extremely sharp teeth.
Your natural rate of healing is unusually fast.
When hurt, damage is shared between your health and your magic reserves.
Your bite disrupts and absorbs the magic of your enemies.
Potions cannot restore your health.
You are immune to rotting.


Message History

You closely miss the orc priest. Your bite misses the orc priest.
The orc priest is moderately wounded.
You closely miss the jackal.
The jackal bites you but does no damage. x2
You block the orc priest's attack.
You slash the orc priest! Your bite misses the orc priest.
The orc priest is severely wounded.
You closely miss the jackal. You block the jackal's attack.
The orc priest hits you but does no damage.
Space bends around you.
* * * LOW HITPOINT WARNING * * *
The jackal barely misses you.
You hit the orc priest.
The orc priest is almost dead.
You barely miss the jackal.
The jackal bites you but does no damage.
The orc priest hits you but does no damage.
Space warps horribly around you!
Ouch! That really hurt!
You die...

.........# #....# #
.#######o###....###.#
#............#
#######.........
#.........#####
#.....#..###
.............########
###.....#.[#ho.<.....
.......#..)@รท.......
#########..[....#####
#######..... #####


You could see an orc priest and a jackal.

Vanquished Creatures
  An orc priest (D:3)
  2 orc wizards
  5 adders
  An ooze (D:2)
  A dart slug (D:2)
  5 leopard geckos
  9 orcs
  A ball python (D:3)
  4 giant cockroaches (D:1)
  6 goblins
  7 hobgoblins
  3 jackals (D:3)
  2 quokkas (D:2)
  5 bats
  2 frilled lizards (D:1)
  6 kobolds
  2 rats
62 creatures vanquished.

Notes
Turn   | Place    | Note
-------+----------+-------------------------------------------
     0 | D:1      | Kairos the Vine Stalker Fighter began the quest for the
                  | Orb.
     0 | D:1      | Reached XP level 1. HP: 11/11 MP: 2/2
   105 | D:1      | Reached XP level 2. HP: 14/16 MP: 1/3
   479 | D:1      | Reached XP level 3. HP: 19/20 MP: 4/4
   646 | D:2      | HP: 1/20 [hobgoblin (1)]
  1191 | D:2      | Gained mutation: Your natural rate of healing is unusually
                  | fast. [Vine Stalker growth]
  1191 | D:2      | Reached XP level 4. HP: 21/24 MP: 5/5
  1620 | D:3      | Reached skill level 1 in Dodging
  1620 | D:3      | Reached XP level 5. HP: 23/28 MP: 4/6
  1850 | D:3      | HP: 1/28 [orc priest/whip of distortion (4)]
  1851 | D:3      | Demolished by an orc priest

Skill      XL: |  1  2  3  4  5 |
---------------+----------------+-----
Fighting       | 3 |  3.2
Axes           | 2 3 |  3.3
Shields        | 3 |  3.7
Armour         | 3 |  3.1
Dodging        | 1 |  1.1
Stealth        | |  0.1

Action                   |  1- 3 |  4- 6 || total
-------------------------+-------+-------++-------
Melee: War axe           |    82 |    77 ||   159
       Bite              |    25 |    21 ||    46
  Use: Scroll            |     4 |     1 ||     5
       Potion            |     2 |     1 ||     3
  Eat: Chunk             |       |     3 ||     3
Armor: Scale mail        |    59 |    40 ||    99
Dodge: Dodged            |    36 |    35 ||    71
Block: Shield            |    55 |    64 ||   119
